 Dungeon Crawl Stone Soup version 0.14-a0-3278-gb24e923 (webtiles) character file.

147 4tharraofdagon the Firebug (level 3, -2/14 HPs)
             Began as a Felid Fire Elementalist on Mar 13, 2014.
             Slain by a sky beast (5 damage)
             ... on Level 4 of the Dungeon.
             The game lasted 00:03:02 (594 turns).

4tharraofdagon the Firebug (Felid Fire Elementalist) Turns: 594, Time: 00:03:02

HP  -2/14        AC  1     Str  4      XL: 3   Next: 44%
MP   8/8         EV 18     Int 17      God:
Gold 101         SH  0     Dex 16      Spells:  2 memorised,  2 levels left
Lives: 0, deaths: 0

rFire  . . .     SeeInvis +     (weapon unavailable)
rCold  . . .     Clarity  .     (armour unavailable)
rNeg   . . .     Conserve .     (shield unavailable)
rPois  .         rCorr    .     (helmet unavailable)
rElec  .         rRot     .     (cloak unavailable)
SustAb . .       Spirit   .     (gloves unavailable)
rMut   .         Warding  .     (boots unavailable)
Saprov . . .     Stasis   .     (no amulet)
MR     .....                    (no ring)
                                (no ring)

@: quick, not resistant to hostile enchantments, stealthy
A: paw claws, no armour, no weapons or thrown items, fangs 3, see invisible,
carnivore 3, speed 1, shaggy fur 1, slow metabolism 1, jump 1
a: Jump Attack


You were on level 4 of the Dungeon.
You were very full.

You visited 1 branch of the dungeon, and saw 4 of its levels.

You collected 101 gold pieces.

Inventory:

Comestibles
 c - a meat ration
Scrolls
 a - 2 scrolls of remove curse {unknown}
 d - a scroll of amnesia {unknown}
 e - 2 scrolls of fog {unknown}
 f - 3 scrolls of teleportation {unknown}
 i - a scroll of enchant weapon II {unknown}
Potions
 h - 2 potions of haste {unknown}
Books
 b - a book of Flames

   Spells                             Type                      Level
   *Flame Tongue                      Conjuration/Fire             1
   Throw Flame                        Conjuration/Fire             2
   *Conjure Flame                     Conjuration/Fire             3
   Inner Flame                        Hexes/Fire                   3
   Sticky Flame                       Conjuration/Fire             4
   Fireball                           Conjuration/Fire             5


   Skills:
 - Level 2.6 Dodging
 - Level 2.6 Stealth
 + Level 2.4 Spellcasting
 * Level 1.9 Conjurations
 * Level 3.3 Fire Magic


You had 2 spell levels left.
You knew the following spells:

 Your Spells              Type           Power        Failure   Level  Hunger
a - Flame Tongue          Conj/Fire      ##...        10%         1    #......
b - Conjure Flame         Conj/Fire      ##......     21%         3    ###....


Dungeon Overview and Level Annotations

Branches:
Dungeon (4/15)
 Temple: D:4-7

Altars:


Innate Abilities, Weirdness & Mutations

You cannot wear armour.
You are incapable of wielding weapons or throwing items.
Your paws have sharp claws.
You have razor-sharp teeth.
You have supernaturally acute eyesight.
You are carnivorous and can eat meat at any time.
You cover ground quickly.
You are covered in fur (AC +1).
You have a slow metabolism.
You can jump attack at a short distance.


Message History

You swing at nothing.
You swing at nothing.
You swing at nothing.
You swing at nothing.
You swing at nothing.
You swing at nothing.
You swing at nothing.
You swing at nothing.
You swing at nothing.
You swing at nothing.
You swing at nothing.
Wield which item (- for none, * to show all)? (? for menu, Esc to quit)
Your mouth is now empty.
A sky beast comes into view.
The sky beast barely misses you.
You scratch the sky beast but do no damage.
The sky beast hits you.
* * * LOW HITPOINT WARNING * * *
The sky beast shocks you.
You die...

##.##.............#.#
............<.#...#.#
..................# #
.####....##..#.##..#
#.................)#
#.###....##....##..#
#....##....# .#
...##....##....#
..........@I....#
...##..#.#.....# ##
#..#%#...(.##..
#..#.#.........
#..#.#.....##..
#.#.#..#.#.....##..
a........#.........
#.#................
#.............#.


You could see a sky beast.

Vanquished Creatures
  A hound (D:4)
  An adder (D:2)
  An orc (D:4)
  2 kobolds (D:1)
  A bat (D:2)
  A giant cockroach (D:3)
  3 goblins
  2 rats (D:2)
12 creatures vanquished.

Notes
Turn   | Place    | Note
--------------------------------------------------------------
     0 | D:1      | 4tharraofdagon, the Felid Fire Elementalist, began the quest for the Orb.
     0 | D:1      | Reached XP level 1. HP: 7/7 MP: 4/4
   184 | D:2      | Reached skill level 1 in Conjurations
   184 | D:2      | Reached skill level 3 in Fire Magic
   184 | D:2      | Reached XP level 2. HP: 9/11 MP: 0/5
   536 | D:4      | Reached XP level 3. HP: 2/14 MP: 0/8
   573 | D:4      | Learned a level 3 spell: Conjure Flame
   593 | D:4      | Noticed a sky beast
   594 | D:4      | Slain by a sky beast

Action                   || total
-------------------------++-------
Melee: Unarmed           ||    20
 Cast: Flame Tongue      ||    23
  Use: Potion            ||     2
 Stab: Sleeping          ||     1
